 Dungeon Crawl Stone Soup version 0.15-a0-1675-g4580af5 (webtiles) character file.

104 Celandrion the Ruinous (level 4, -8/30 HPs)
             Began as a Demonspawn Conjurer on June 24, 2014.
             Killed by divine providence
             ... invoked by an orc priest
              (13 damage)
             ... on Level 3 of the Dungeon.
             The game lasted 00:08:59 (2713 turns).

Celandrion the Ruinous (Demonspawn Conjurer)        Turns: 2713, Time: 00:08:59

HP  -8/30        AC  2     Str  8      XL: 4   Next: 52%
MP   2/9         EV 12     Int 17      God:
Gold 121         SH  0     Dex 14      Spells:  3 memorised,  3 levels left

rFire  . . .     SeeInvis .     h - +0 short sword
rCold  . . .     Clarity  .     a - +0 robe
rNeg   . . .     rCorr    .     (no shield)
rPois  .         rRot     .     (no helmet)
rElec  .         Spirit   .     (no cloak)
SustAb .         Warding  .     (no gloves)
rMut   .         Stasis   .     (no boots)
Gourm  .                        (no amulet)
MR     .....                    (no ring)
                                (no ring)

@: not resistant to hostile enchantments, unstealthy
A: powered by death 1
a: no special abilities


You were on level 3 of the Dungeon.
You were hungry.

You visited 1 branch of the dungeon, and saw 3 of its levels.

You collected 121 gold pieces.

Inventory:

Hand weapons
 h - a +0 short sword (weapon)
Armour
 a - a +0 robe (worn)
Comestibles
 b - 2 bread rations
 g - a beef jerky
Scrolls
 d - a scroll of remove curse
 f - a scroll of teleportation
Potions
 e - 2 potions of brilliance
 i - a potion of cure mutation {unknown}
 j - a potion of flight {unknown}
 k - a potion of invisibility {unknown}
 m - a potion of agility {unknown}
 n - a potion of might
 o - a potion of haste {unknown}
Books
 c - a book of Conjurations

   Spells                             Type                      Level
   *Magic Dart                        Conjuration                  1
   *Searing Ray                       Conjuration                  2
   *Dazzling Spray                    Conjuration/Hexes            3
   Fulminant Prism                    Conjuration/Hexes            4
   Iskenderun's Mystic Blast          Conjuration                  4
   Iskenderun's Battlesphere          Conjuration/Charms           5


   Skills:
 - Level 1.7 Dodging
 - Level 1.7 Stealth
 - Level 3.3 Spellcasting
 + Level 5.0 Conjurations
 + Level 0.6 Hexes


You had 3 spell levels left.
You knew the following spells:

 Your Spells              Type           Power        Failure   Level  Hunger
a - Magic Dart            Conj           ###.         2%          1    None
b - Searing Ray           Conj           ###...       3%          2    ##.....
c - Dazzling Spray        Conj/Hex       ##......     17%         3    ###....


Dungeon Overview and Level Annotations

Branches:
Dungeon (3/15)

Altars:


Innate Abilities, Weirdness & Mutations

You can steal the life force of nearby defeated enemies.


Message History

Aiming: Magic Dart
Press: ? - help, Shift-Dir - straight line, f/p - orc priest
Aim: an orc priest wearing a leather armour (lightly wounded, blind)
The magic dart hits the orc priest.
The orc priest is lightly wounded.
Casting: Magic Dart
Confirm with . or Enter, or press ? or * to list all spells.
Aiming: Magic Dart
Press: ? - help, Shift-Dir - straight line, f/p - orc priest
Aim: an orc priest wearing a leather armour (lightly wounded, blind)
The magic dart hits the orc priest.
The orc priest is lightly wounded.
The orc priest calls down the wrath of Beogh upon you.
Pain shoots through your body!
The orc priest invokes the aid of Beogh against you.
Something smites you!
* * * LOW HITPOINT WARNING * * *
The orc priest calls down the wrath of Beogh upon you.
Something smites you!
You die...

..oKSo..K....................
#########.S######.#####....#.
##o## #.#####.##.#. #..#
###.....#.##.#. ##.#
#.......#.##.#.
#.###.......#.##.#.
#..##.......#.##.#.
##.##.......?....#.
#@####.......####. #.#
#.####....... #.# #+#
#.###### #.# #)# #.## #.#
#..# . #.# ##.#... #.######
#.# ... #..)....
######.###.###########


You could see an orc priest and an adder.

Vanquished Creatures
  2 adders
  A giant mite (D:3)
  2 worms (D:2)
  2 giant geckos
  5 orcs (D:3)
  4 giant cockroaches
  4 hobgoblins
  6 jackals
  7 kobolds
  2 quokkas
  2 ball pythons
  7 bats
  8 goblins
  7 rats
59 creatures vanquished.

Notes
Turn   | Place    | Note
--------------------------------------------------------------
     0 | D:1      | Celandrion, the Demonspawn Conjurer, began the quest for the Orb.
     0 | D:1      | Reached XP level 1. HP: 13/13 MP: 3/3
   267 | D:1      | Gained mutation: You can steal the life force of nearby defeated enemies. [demonic ancestry]
   267 | D:1      | Reached XP level 2. HP: 17/19 MP: 1/4
   504 | D:1      | Learned a level 2 spell: Searing Ray
  1122 | D:2      | Reached XP level 3. HP: 24/24 MP: 0/6
  2184 | D:2      | Reached XP level 4. HP: 18/30 MP: 1/9
  2314 | D:3      | Reached skill level 5 in Conjurations
  2498 | D:3      | Learned a level 3 spell: Dazzling Spray
  2713 | D:3      | Killed from afar by an orc priest

Action                   |  1- 3 |  4- 6 || total
-------------------------+-------+-------++-------
Melee: Unarmed           |    42 |       ||    42
       Short sword       |    70 |    17 ||    87
 Cast: Magic Dart        |    48 |    21 ||    69
       Searing Ray       |     5 |     1 ||     6
       Dazzling Spray    |       |     2 ||     2
  Use: Scroll            |     7 |       ||     7
 Stab: Sleeping          |     2 |       ||     2
